 Dungeon Crawl Stone Soup version 0.27-a0-550-ge92ec0ca06 (webtiles) character file.

Game seed: 1286239055104577686

809 rednaxela the Magician (level 7, -4/36 HPs)
             Began as a Deep Elf Conjurer on Mar 7, 2021.
             Shot with an arrow by a centaur (9 damage)
             ... on level 6 of the Dungeon on Mar 8, 2021.
             The game lasted 00:11:16 (6291 turns).

rednaxela the Magician (Deep Elf Conjurer)          Turns: 6291, Time: 00:11:17

Health: -4/36      AC:  4    Str:  6    XL:     7   Next: 61%
Magic:  16/20      EV: 14    Int: 25    God:
Gold:   213        SH:  0    Dex: 16    Spells: 18/21 levels left

rFire    . . .     SeeInvis .   x - +8 whip of the Spheres {drain, rElec Dex+3}
rCold    . . .     Faith    .   (no shield)
rNeg     . . .     Spirit   .   t - +1 robe of Isukim {Str+2}
rPois    .         Reflect  .   p - +0 hat
rElec    +         Harm     .   (no cloak)
rCorr    .         Rampage  .   (no gloves)
Will     .....                  r - +0 pair of boots
Stlth    ++........             (no amulet)
HPRegen  0.12/turn              (no ring)
MPRegen  0.17/turn              (no ring)

@: no status effects
A: mutation resistance 1, sense surroundings 1
a: no special abilities


You were on level 6 of the Dungeon.
You visited 1 branch of the dungeon, and saw 6 of its levels.

You collected 213 gold pieces.

Inventory:

Hand Weapons
 m - a +0 dagger of venom
   (You took it off a kobold on level 2 of the Dungeon)
 x - the +8 whip of the Spheres (weapon) {drain, rElec Dex+3}
   (You found it on level 5 of the Dungeon)

   A truly terrible weapon, it drains the life of those it strikes.
   It affects your dexterity (+3).
   It insulates you from electricity.
Missiles
 f - 6 curare-tipped darts (quivered)
 l - 15 poisoned darts
Armour
 p - a +0 hat (worn)
   (You found it on level 3 of the Dungeon)
 r - a +0 pair of boots (worn)
   (You found it on level 4 of the Dungeon)
 t - the +1 robe of Isukim (worn) {Str+2}
   (You found it on level 4 of the Dungeon)

   It affects your strength (+2).
Jewellery
 e - a ring of protection from cold
   (You found it on level 1 of the Dungeon)
 j - a ring of see invisible
   (You found it on level 5 of the Dungeon)
Wands
 v - a wand of polymorph (11)
   (You took it off Ijyb on level 4 of the Dungeon)
Scrolls
 b - a scroll of enchant armour
 c - a scroll of identify {@r1}
 d - 2 scrolls of enchant weapon
 h - a scroll of immolation
 o - 3 scrolls of fog {!r}
 w - 2 scrolls of teleportation {@r3 !r}
Potions
 a - a potion of resistance {unknown}
 g - a potion of lignification {@q5}
 i - 3 potions of might {@q3 !q}
 n - 2 potions of curing {@q1 !q}
 q - a potion of heal wounds {unknown}
 s - a potion of haste {unknown}
 u - a potion of brilliance {unknown}


   Skills:
 + Level 4.5 Dodging
 - Level 2.5 Stealth
 - Level 7.9 Spellcasting
 - Level 7.5 Conjurations


You had 18 spell levels left.
You knew the following spells:

 Your Spells              Type           Power      Damage    Failure   Level
a - Magic Dart            Conj           100%       1d8       1%          1
b - Searing Ray           Conj           94%        3d6       1%          2

Your spell library contained the following spells:

 Spells                   Type           Power      Damage    Failure   Level
 Shock                    Conj/Air       100%       1d9       1%          1
 Dazzling Flash           Conj/Hex       56%        N/A       3%          3
 Static Discharge         Conj/Air       28%        N/A       3%          3
 Swiftness                Air            9%         N/A       10%         2
 Fulminant Prism          Conj/Hex       14%        3d9       13%         4
 Iskenderun's Mystic Bla  Conj/Tloc      28%        2d7       13%         4
 Lightning Bolt           Conj/Air       14%        1d27      34%         5
 Airstrike                Air            4%         N/A       52%         4


Dungeon Overview and Level Annotations

Branches:
Dungeon (6/15)
 Temple: D:4-7

Altars:
Gozag
Qazlal


Innate Abilities, Weirdness & Mutations

You are somewhat resistant to further mutation.
You passively map a small area around you.


Message History

Found a stone staircase leading down.
There is an open door here.
An ufetubus is nearby!
An orc comes into view.
The orc shouts!
Casting: Searing Ray (safe; 1% risk of failure)
Confirm with . or Enter, or press ? or * to list all spells.
You can't see any susceptible monsters within range! (Use Z to cast anyway.) Unknown command.
The ufetubus shouts!
The ufetubus closely misses you. The ufetubus misses you.
The ufetubus barely misses you.
The ufetubus hits you but does no damage.
Casting: Searing Ray (safe; 1% risk of failure)
Confirm with . or Enter, or press ? or * to list all spells.
Aiming: Searing Ray (safe; 1% risk of failure)
Press: ? - help, Shift-Dir - straight line The searing ray hits the ufetubus.
The ufetubus is severely wounded. (Press . to maintain the ray.)
The ufetubus closely misses you. The ufetubus barely misses you.
The searing ray hits the ufetubus!
You kill the ufetubus!
Casting: Searing Ray (safe; 1% risk of failure)
Confirm with . or Enter, or press ? or * to list all spells.
Aiming: Searing Ray (safe; 1% risk of failure)
Press: ? - help, Shift-Dir - straight line, f - orc
Aim: an orc (18% to evade)
Okay, then.
Casting: Searing Ray (safe; 1% risk of failure)
Confirm with . or Enter, or press ? or * to list all spells.
Aiming: Searing Ray (safe; 1% risk of failure)
Press: ? - help, Shift-Dir - straight line, f - orc
Aim: an orc (18% to evade)
The searing ray misses the orc. (Press . to maintain the ray.)
The orc hits you but does no damage.
The searing ray hits the orc!
You kill the orc!
You see here an orc corpse.
w - 2 scrolls of teleportation {@r3 !r} (gained 1)
j - a ring of see invisible A bullfrog comes into view.
The bullfrog swells and bulges.
A bullfrog is nearby!
Casting: Searing Ray (safe; 1% risk of failure)
Confirm with . or Enter, or press ? or * to list all spells.
Aiming: Searing Ray (safe; 1% risk of failure)
Press: ? - help, Shift-Dir - straight line, f - bullfrog
Aim: a bullfrog (23% to evade)
The searing ray hits the bullfrog!
The bullfrog is severely wounded. (Press . to maintain the ray.)
The searing ray hits the bullfrog!
You kill the bullfrog!
Your Dodging skill increases to level 4!
You see here a bullfrog corpse.
Done exploring.
Done exploring.
Done exploring.
Done exploring.
As you read the scroll of identify {@r1}, it crumbles to dust.
n - 2 potions of curing
As you read the scroll of identify {@r1}, it crumbles to dust.
z - a potion of degeneration Drop what? 24/52 slots (_ for help) (? for menu, Esc to quit)
You drop a potion of degeneration.
Done exploring.
Done exploring.
Done exploring.
There is a stone staircase leading down here.
You climb downwards.
A leopard gecko and a howler monkey come into view.
There is a stone staircase leading up here.
The howler monkey howls!
You hear a bark!
The leopard gecko hisses angrily.
You hear a shout!
A hound comes into view.
Casting: Searing Ray (safe; 1% risk of failure)
Confirm with . or Enter, or press ? or * to list all spells.
Aiming: Searing Ray (safe; 1% risk of failure)
Press: ? - help, Shift-Dir - straight line, f - howler monkey
Aim: a howler monkey (20% to evade)
The searing ray hits the howler monkey!
The howler monkey is heavily wounded. (Press . to maintain the ray.)
The hound barks!
The howler monkey hits you.
The searing ray hits the howler monkey!
You kill the howler monkey!
A centaur comes into view.
The centaur wields a +0 shortbow.
The centaur shoots an arrow.
The arrow hits you!
* * * LOW HITPOINT WARNING * * *
The hound closely misses you.
The centaur shoots an arrow.
The arrow hits you!
* * * LOW HITPOINT WARNING * * *
There is a stone staircase leading up, spattered with blood here.
The hound bites you.
* * * LOW HITPOINT WARNING * * *
The centaur shoots an arrow.
The arrow hits you!
You die...

, * *, ### #
*, ..# .#
##.####.###
......... ,
*
#####......#
* , ,
..........#,
, * *
#..l....#,*
* *
#.@h....# ,
#.........#
* *
###.......#
, *
..#####.# *
...# ,#
..... * ,
....c. * , ,
* #...... ≈≈
,


You could see a centaur, a hound and a leopard gecko.

Vanquished Creatures
  2 ogres
  A bullfrog (D:5)
  A scorpion (D:5)
  2 howler monkeys
  2 hounds
  A bullfrog skeleton (D:5)
  Ijyb (D:4)
  4 worker ants
  4 orc wizards
  3 gnolls (D:4)
  2 adders (D:2)
  An ufetubus (D:5)
  2 worms
  2 dart slugs
  4 leopard geckos
  16 orcs
  8 bats
  3 giant cockroaches
  3 goblins
  6 hobgoblins
  9 jackals
  11 kobolds
  2 quokkas
  2 frilled lizards
  5 rats
97 creatures vanquished.

Vanquished Creatures (others)
  3 plants (D:3)
3 creatures vanquished.

Grand Total: 100 creatures vanquished

Notes
Turn   | Place    | Note
-------+----------+-------------------------------------------
     0 | D:1      | rednaxela the Deep Elf Conjurer began the quest for the
                  | Orb.
     0 | D:1      | Reached XP level 1. HP: 10/10 MP: 6/6
   559 | D:1      | Reached XP level 2. HP: 15/15 MP: 5/8
  1164 | D:2      | Learned a level 2 spell: Searing Ray
  1413 | D:2      | Reached skill level 4 in Spellcasting
  1413 | D:2      | Reached XP level 3. HP: 19/19 MP: 5/10
  1486 | D:2      | Reached skill level 5 in Conjurations
  2850 | D:3      | Reached XP level 4. HP: 24/24 MP: 7/12
  3035 | D:3      | Reached skill level 5 in Spellcasting
  3929 | D:4      | Reached XP level 5. HP: 28/28 MP: 6/14
  4068 | D:4      | Reached skill level 6 in Conjurations
  4170 | D:4      | Identified the +1 robe of Isukim {Str+2}
  4198 | D:4      | Found an opulent altar of Gozag.
  4388 | D:4      | Reached skill level 6 in Spellcasting
  4507 | D:4      | Noticed an ogre
  4513 | D:4      | Killed an ogre
  4514 | D:4      | Reached XP level 6. HP: 7/32 MP: 9/17
  4875 | D:4      | Noticed Ijyb
  4880 | D:4      | Killed Ijyb
  5034 | D:5      | Entered Level 5 of the Dungeon
  5050 | D:5      | Found a stormy altar of Qazlal.
  5097 | D:5      | Reached skill level 7 in Spellcasting
  5097 | D:5      | Reached skill level 7 in Conjurations
  5190 | D:5      | Identified the +8 whip of the Spheres {drain, rElec Dex+3}
  5264 | D:5      | Gained mutation: You passively map a small area around you.
                  | [potion of mutation]
  5264 | D:5      | Gained mutation: You are somewhat resistant to further
                  | mutation. [potion of mutation]
  5271 | D:5      | Reached XP level 7. HP: 9/36 MP: 19/19
  5992 | D:5      | Reached skill level 3 in Dodging
  6246 | D:5      | Reached skill level 4 in Dodging
  6291 | D:6      | Shot with an arrow by a centaur

Illustrated notes

Levels and vault maps discovered:
D:1:      lemuel_arrival_rhombus, layout_loops_corners, hex_large,
          patterned_corridor
D:2:      layout_loops_ring, hangedman_decor_push, columned_hall_lemuel,
          chequers_serial_rivers_room_a, kennysheep_generic_room_16
D:3:      corexii_shack_village, layout_basic
D:4:      layout_basic, kennysheep_mini, serial_curves, eino_curves_02,
          eino_curves_03, eino_curves_03, eino_curves_03, uniq_ijyb
D:5:      layout_basic, grunt_qazlal_sundering
D:6:      cheibrodos_thug_alley, layout_basic, nicolae_ru_path_of_blood

Skill      XL: |  1  2  3  4  5  6  7 |
---------------+----------------------+-----
Spellcasting   | 4 5 6 7 |  7.9
Conjurations   | 5 6 7 |  7.5
Dodging        | 4 |  4.5
Stealth        | |  2.5

Action                   |  1- 3 |  4- 6 |  7- 9 || total
-------------------------+-------+-------+-------++-------
Melee: Dagger            |     4 |    18 |       ||    22
       Whip              |       |     4 |     4 ||     8
 Cast: Magic Dart        |    55 |    32 |    10 ||    97
       Searing Ray       |     7 |    26 |    10 ||    43
  Use: Scroll            |     1 |     3 |     3 ||     7
       Potion            |       |     6 |       ||     6
Armor: Robe              |     3 |     7 |     2 ||    12
       Skin              |       |     5 |     1 ||     6
Dodge: Dodged            |    11 |    19 |     9 ||    39

Table legend: (Time is in decaauts)
 A = Elapsed time spent in this place.
 B = Non-inter-level travel time spent in this place.
 C = Inter-level travel time spent in this place.
 D = Time resting spent in this place.
 E = Time spent auto-exploring this place.
 F = Levels seen in this place.
 G = Mean time per level.
                   A        B        C        D        E       F      G
               +--------+--------+--------+--------+--------+-----+--------+
         Total |   6306 |   6077 |    229 |    638 |   4716 |   6 | 1051.0 |
       Dungeon |   6306 |   6077 |    229 |    638 |   4716 |   6 | 1051.0 |
               +--------+--------+--------+--------+--------+-----+--------+

Top non-repeatable levels by time:
     D:1: 1451 daAuts
     D:3: 1440 daAuts
     D:2: 1269 daAuts
     D:5: 1260 daAuts
     D:4: 878 daAuts
     D:6: 5 daAuts
